Map: [ESL] Radhuset Station

Players

ByuN

  • Race: Terran Terran
  • Spawn Location: 7:00

GuMiho - Winner!

  • Race: Terran Terran
  • Spawn Location: 1:00

Event: ESL SC2 Masters 2023 Winter (Finals)

VOD

Have the link to the VOD?

Description

Time

  • Played on: Dec. 16, 2023, 1:20 p.m.
  • Length: 15:25

All games in this series

Show
View Real Time Build Order
Export as new Build Order

ByuN Terran 

Build Orders: Mech 

Get SALT Encoding   

  12  0:00  SCV  
  13  0:12  SCV  
  14  0:17  Supply Depot  
  14  0:24  SCV  
  15  0:39  SCV  
  15  0:40  Barracks  
  16  0:44  Refinery  
  16  0:51  SCV  
  16  0:54  Refinery  
  17  1:03  SCV  
  18  1:15  SCV  
  19  1:26  Reaper  
  19  1:27  Orbital Command  
  19  1:32  Supply Depot  
  20  1:43  Factory  
  20  1:52  SCV  
  21  1:58  Reaper  
  22  2:04  SCV  
  23  2:17  SCV  
  24  2:25  Command Center  
  24  2:28  Hellion  
  26  2:30  SCV  
  26  2:34  Barracks Reactor  
  27  2:42  Starport  
  27  2:45  SCV  
  27  2:50  Factory Tech Lab  
  28  2:54  Supply Depot  
  28  2:57  SCV  
  29  3:09  SCV  
  30  3:14  Marine  
  30  3:16  Siege Tank, Marine  
  35  3:20  Medivac  
  35  3:22  SCV  
  38  3:31  Marine  
  39  3:37  Orbital Command, Marine  
  39  3:39  SCV  
  41  3:46  Refinery  
  41  3:50  Cyclone  
  41  3:53  SCV  
  44  3:56  Marine  
  44  3:57  Marine  
  44  4:01  Liberator  
  49  4:08  SCV x2  
  51  4:13  Supply Depot  
  51  4:20  SCV  
  51  4:22  SCV  
  53  4:29  Supply Depot  
  53  4:32  SCV  
  53  4:35  Cyclone x2, SCV  
  59  4:42  Supply Depot  
  59  4:44  SCV  
  60  4:47  SCV  
  61  4:55  Raven  
  63  5:02  SCV x2  
  65  5:07  Cyclone  
  65  5:08  Cyclone  
  69  5:14  SCV x2  
  69  5:16  Supply Depot  
  69  5:19  Command Center  
  71  5:26  SCV x2  
  65  5:38  SCV x2  
  65  5:40  Cyclone  
  65  5:42  Raven  
  61  5:50  SCV x2  
  56  6:02  SCV x2  
  48  6:08  Cyclone  
  47  6:12  Cyclone  
  47  6:14  SCV  
  47  6:15  SCV  
  47  6:16  Raven  
  53  6:24  Barracks Tech Lab  
  53  6:26  Refinery  
  53  6:27  SCV x2  
  55  6:35  Orbital Command  
  55  6:38  Engineering Bay  
  55  6:39  SCV x2  
  57  6:40  Cyclone  
  57  6:44  Cyclone  
  61  6:51  SCV x2  
  63  6:56  Factory, Supply Depot  
  63  6:59  Starport Reactor  
  63  7:03  Factory, SCV x2  
  63  7:05  Missile Turret, SCV  
  63  7:06  Missile Turret  
  66  7:15  SCV x2  
  67  7:18  SCV  
  67  7:20  Cyclone x2  
  72  7:22  Missile Turret  
  72  7:27  SCV x2  
  74  7:30  SCV  
  74  7:32  Armory  
  74  7:34  Armory  
  75  7:39  SCV x2  
  75  7:40  Cyclone, Hurricane Engines  
  75  7:42  SCV  
  75  7:43  Supply Depot  
  80  7:46  Supply Depot  
  80  7:51  SCV x2  
  80  7:54  SCV  
  79  8:03  SCV x2  
  79  8:04  Cyclone x2  
  75  8:06  SCV  
  75  8:12  Cyclone  
  69  8:15  SCV x2  
  69  8:18  SCV  
  72  8:20  Terran Vehicle Weapons Level 1  
  72  8:22  Terran Vehicle And Ship Armor Level 1  
  72  8:23  Starport Reactor, Missile Turret  
  72  8:28  Cyclone, SCV x2  
  72  8:30  Cyclone, SCV  
  79  8:37  Cyclone  
  79  8:39  Cyclone  
  79  8:40  SCV x2  
  85  8:42  SCV  
  85  8:47  Cyclone  
  88  8:52  SCV x2, Refinery  
  88  8:53  Refinery  
  88  8:54  SCV  
  91  9:00  Cyclone  
  91  9:02  Cyclone  
  95  9:03  Supply Depot x2  
  95  9:04  SCV x2  
  95  9:05  Supply Depot  
  95  9:06  SCV  
  95  9:09  Cyclone  
  100  9:11  Cyclone  
  100  9:13  Liberator  
  100  9:16  SCV x2  
  107  9:18  SCV  
  107  9:20  Liberator  
  107  9:23  Cyclone  
  113  9:28  SCV  
  113  9:30  Command Center  
  114  9:32  Supply Depot  
  114  9:35  Cyclone x2  
  118  9:41  Cyclone  
  120  9:47  Factory x2  
  118  9:53  Cyclone  
  118  9:55  Cyclone  
  118  9:58  Supply Depot  
  122  10:07  Cyclone  
  122  10:09  Cyclone  
  122  10:12  Liberator  
  122  10:13  Cyclone  
  131  10:17  SCV x3  
  132  10:21  Supply Depot  
  132  10:22  Supply Depot  
  132  10:30  Terran Vehicle Weapons Level 2  
  132  10:31  Factory Tech Lab, Terran Vehicle And Ship Armor Level 2  
  132  10:37  SCV x3  
  132  10:41  Cyclone x2  
  139  10:45  Orbital Command  
  139  10:47  Refinery  
  139  10:48  Missile Turret  
  139  10:49  Refinery  
  139  10:54  SCV x2  
  139  10:57  Command Center  
  137  11:05  SCV  
  137  11:06  SCV x2  
  137  11:10  Siege Tank x3  
  147  11:13  SCV  
  147  11:17  Missile Turret, SCV  
  149  11:18  SCV  
  149  11:19  Missile Turret, SCV  
  149  11:25  SCV  
  152  11:29  SCV  
  153  11:35  Cyclone  
  153  11:38  Cyclone  
  157  11:42  Siege Tank x3, Cyclone  
  157  11:45  Cyclone  
  161  11:54  Liberator x2  
  161  11:59  SCV x3  
  163  12:14  Siege Tank x3, Cyclone  
  163  12:15  Cyclone x2  
  175  12:17  Cyclone  
  175  12:21  SCV x3  
  175  12:22  Orbital Command  
  180  12:23  SCV  
  180  12:24  Refinery  
  180  12:26  Sensor Tower  
  179  12:33  SCV  
  180  12:46  Siege Tank  
  180  12:50  Fusion Core, Factory, Starport  
  183  12:51  Starport  
  173  13:06  Siege Tank x2  
  173  13:07  Cyclone x2  
  173  13:08  Cyclone x2  
  187  13:18  Siege Tank  
  187  13:19  SCV  
  170  13:20  SCV x3  
  170  13:24  Missile Turret x2  
  170  13:25  Missile Turret x2  
  162  13:28  Refinery  
  162  13:31  Command Center  
  162  13:33  Viking  
  162  13:34  Viking  
  166  13:38  Siege Tank x2  
  172  13:41  Missile Turret  
  172  13:43  Missile Turret  
  172  13:53  Factory Tech Lab  
  172  13:54  Factory  
  172  13:55  Starport Tech Lab  
  172  13:56  Starport Tech Lab x2  
  171  14:03  Viking x2  
  171  14:09  Siege Tank  
  178  14:10  Siege Tank x2  
  180  14:33  Viking x2  
  180  14:35  Viking x2  
  184  14:41  Siege Tank  
  184  14:42  Siege Tank x2  
  184  14:44  Cyclone  
  184  14:45  Cyclone x3  
  164  14:55  Factory Tech Lab  
Show
View Real Time Build Order
Export as new Build Order

GuMiho Terran - Winner!

Build Orders: Cyclone Opening, Gas First Reaper Expand, Mech 

Get SALT Encoding   

  12  0:00  SCV  
  13  0:12  SCV  
  14  0:17  Supply Depot  
  14  0:24  SCV  
  14  0:28  Refinery  
  15  0:38  SCV  
  16  0:45  Barracks  
  16  0:50  SCV  
  17  1:02  SCV  
  18  1:14  SCV  
  19  1:31  Orbital Command, Reaper  
  20  1:43  Command Center  
  20  1:54  Factory  
  20  1:57  SCV  
  21  2:05  Supply Depot  
  21  2:06  Marine  
  22  2:12  Refinery  
  22  2:15  SCV  
  23  2:24  Barracks Tech Lab  
  23  2:27  SCV  
  24  2:39  Cyclone, SCV  
  27  2:45  Starport  
  27  2:51  SCV  
  27  2:55  Orbital Command, Barracks Reactor  
  28  3:03  SCV  
  28  3:04  Refinery  
  29  3:11  Widow Mine  
  31  3:15  SCV  
  32  3:22  Banshee, SCV  
  36  3:27  SCV  
  36  3:28  Hyperflight Rotors  
  36  3:34  SCV  
  38  3:36  Supply Depot  
  38  3:39  SCV  
  38  3:40  Cyclone  
  41  3:44  Cyclone  
  41  3:46  SCV  
  44  3:52  SCV  
  45  3:58  Supply Depot, SCV  
  46  4:05  Banshee, SCV  
  50  4:10  SCV  
  50  4:12  Supply Depot  
  51  4:19  Cyclone  
  51  4:21  Cyclone  
  51  4:23  SCV  
  56  4:24  SCV  
  57  4:35  SCV  
  57  4:36  SCV  
  59  4:42  Command Center  
  59  4:47  SCV  
  59  4:49  SCV  
  59  4:52  Banshee  
  64  4:59  SCV  
  65  5:01  Refinery  
  65  5:04  SCV  
  65  5:05  Supply Depot  
  66  5:12  SCV  
  67  5:15  Cyclone  
  67  5:16  SCV  
  70  5:22  Factory  
  70  5:26  Cyclone  
  70  5:28  SCV x2  
  74  5:29  Cloaking Field  
  72  5:40  SCV x2  
  72  5:47  Cyclone  
  59  5:58  Cyclone, SCV x2  
  59  6:00  Banshee  
  53  6:10  Factory, Factory Tech Lab, SCV x2  
  54  6:19  Cyclone  
  54  6:22  SCV x2  
  58  6:29  Hurricane Engines  
  58  6:30  Cyclone  
  58  6:32  Orbital Command  
  60  6:34  SCV x2, Refinery  
  62  6:40  Cyclone  
  62  6:42  Banshee  
  62  6:44  Supply Depot  
  62  6:46  SCV x2  
  69  6:58  SCV x2  
  69  6:59  Refinery  
  69  7:01  Factory Tech Lab, Command Center, Refinery  
  71  7:05  Armory  
  71  7:06  SCV  
  71  7:08  Armory  
  72  7:10  SCV  
  72  7:11  Cyclone, SCV  
  72  7:12  Cyclone  
  78  7:19  SCV  
  78  7:22  Cyclone  
  79  7:23  SCV  
  79  7:26  SCV  
  80  7:31  SCV  
  80  7:35  SCV  
  85  7:38  SCV  
  85  7:43  Viking, SCV  
  86  7:47  SCV  
  86  7:49  Siege Tank  
  86  7:50  SCV  
  89  7:55  SCV  
  86  7:59  SCV  
  86  8:02  SCV  
  82  8:05  Cyclone  
  82  8:06  Cyclone x2  
  82  8:08  SCV  
  82  8:11  SCV  
  77  8:14  SCV  
  77  8:17  Orbital Command  
  77  8:19  Terran Vehicle Weapons Level 1  
  78  8:20  Terran Vehicle And Ship Armor Level 1, SCV  
  78  8:21  Cyclone  
  78  8:23  SCV  
  78  8:25  Banshee  
  78  8:27  SCV  
  86  8:32  SCV  
  86  8:33  Starport  
  87  8:35  SCV  
  87  8:39  Cyclone, SCV, Engineering Bay  
  91  8:43  Cyclone  
  91  8:44  SCV  
  91  8:46  Orbital Command  
  91  8:47  SCV  
  95  8:50  Siege Tank  
  95  8:51  SCV  
  95  8:53  Supply Depot  
  99  8:55  Supply Depot  
  99  8:56  SCV  
  99  8:57  Supply Depot  
  99  8:59  SCV  
  101  9:03  Siege Tank, SCV  
  101  9:08  SCV  
  101  9:09  Missile Turret  
  106  9:10  Missile Turret x2  
  106  9:11  SCV  
  106  9:12  SCV, Refinery x2  
  106  9:15  Banshee, SCV  
  106  9:16  Starport Tech Lab  
  112  9:21  Interference Matrix  
  112  9:25  Factory, SCV x3  
  112  9:26  Factory  
  112  9:30  Missile Turret  
  115  9:32  Missile Turret  
  115  9:33  Siege Tank  
  118  9:39  Siege Tank  
  118  9:40  Hellion x2  
  118  9:44  SCV x2  
  118  9:45  Command Center  
  127  9:48  SCV  
  127  9:57  SCV x2  
  126  10:05  SCV x2  
  128  10:11  Raven x2, SCV  
  128  10:12  SCV  
  133  10:17  SCV x2  
  133  10:20  Missile Turret  
  135  10:22  Siege Tank  
  135  10:23  Hellion  
  135  10:24  Hellion, SCV  
  135  10:27  Supply Depot x2  
  135  10:28  Siege Tank, SCV  
  144  10:31  SCV x2, Supply Depot  
  144  10:32  Terran Vehicle Weapons Level 2, Terran Vehicle And Ship Armor Level 2  
  144  10:35  Sensor Tower  
  146  10:36  SCV  
  146  10:40  SCV  
  146  10:41  Refinery  
  148  10:43  SCV, Supply Depot  
  148  10:44  SCV  
  148  10:45  Supply Depot  
  148  10:46  Factory Tech Lab  
  148  10:47  Factory Reactor  
  148  10:48  Raven  
  152  10:50  SCV  
  152  10:52  SCV  
  152  10:56  Raven, SCV x2  
  158  11:00  Supply Depot  
  158  11:12  Siege Tank x2  
  158  11:13  Hellion x2  
  158  11:14  Hellion  
  170  11:19  Command Center  
  170  11:23  Infernal Pre-Igniter  
  170  11:28  Factory  
  170  11:30  Factory  
  168  11:50  Siege Tank x3  
  168  11:52  Hellion x3  
  178  12:02  Refinery  
  178  12:03  Refinery  
  178  12:07  Hellion  
  180  12:13  Hellion x2  
  180  12:15  Planetary Fortress  
  184  12:16  Missile Turret x2  
  184  12:22  Siege Tank x2  
  190  12:26  Cyclone  
  190  12:27  Factory Reactor x2  
  190  12:28  Raven  
  192  12:37  Command Center  
  192  12:41  Command Center  
  189  12:49  Raven  
  191  12:53  Orbital Command  
  191  12:56  Command Center  
  191  12:58  Command Center  
  191  13:03  Raven  
  189  13:09  Cyclone  
  189  13:10  Cyclone x5  
  195  13:15  Cyclone x2  
  195  13:18  Cyclone  
  185  13:31  SCV x4  
  185  13:34  Command Center  
  189  13:49  Cyclone x4  
  189  13:50  Cyclone  
  197  14:17  Siege Tank  
  197  14:36  Cyclone x2  
  192  14:40  Cyclone  
  192  14:42  Cyclone  
  192  14:43  Raven  
  192  14:45  Raven  
  198  14:49  Cyclone  
  198  14:50  Cyclone x3  
  198  14:52  Cyclone  
  196  14:53  Cyclone x2  
Tags
 
Add a new tag
Caveats
  • Supply blocks, unpowered buildings, or Contaminate may cause inaccurate times.
  • Supply counts are checked every 10 seconds.